 Dungeon Crawl Stone Soup version 0.21-a0-641-geef9d7f (webtiles) character file.

1431 TheDeThijs the Spear-Bearer (level 8, -4/63 HPs)
             Began as a Merfolk Gladiator on Dec 30, 2017.
             Killed by divine providence
             ... invoked by an orc priest
              (11 damage)
             ... on level 6 of the Dungeon.
             The game lasted 00:18:48 (5005 turns).

TheDeThijs the Spear-Bearer (Merfolk Gladiator)     Turns: 5005, Time: 00:18:49

Health: -4/63      AC:  5    Str: 15    XL:     8   Next: 73%
Magic:  0/17       EV: 16    Int:  8    God:
Gold:   232        SH:  0    Dex: 16    Spells: 7/7 levels left

rFire    . . .     SeeInvis .   E - +0 halberd (chop)
rCold    . . .     Gourm    .   (shield currently unavailable)
rNeg     . . .     Faith    .   b - +0 leather armour
rPois    .         Spirit   +   c - +0 helmet
rElec    .         Reflect  .   C - +0 cloak
rCorr    +         Harm     .   (no gloves)
MR       .....                  (no boots)
Stlth    +.........             i - amulet of guardian spirit
HPRegen  0.20/turn              w - ring of magical power
MPRegen  0.15/turn              p - ring of resist corrosion

@: drained
A: change form in water, swift swim, stealthy swim
a: no special abilities


You were on level 6 of the Dungeon.
You were very hungry.

You visited 2 branches of the dungeon, and saw 7 of its levels.

You collected 232 gold pieces.

Inventory:

Hand Weapons
 a - a +0 trident
 B - a +3 quarterstaff of chaos
 E - a +0 halberd of chopping (weapon)
Missiles
 d - 2 throwing nets
 e - 192 stones
 A - 3 tomahawks (quivered)
Armour
 b - a +0 leather armour (worn)
 c - a +0 helmet (worn)
 C - a +0 cloak (worn)
Jewellery
 i - an amulet of guardian spirit (around neck)
 p - a ring of resist corrosion (right hand)
 w - a ring of magical power (left hand)
Wands
 t - a wand of disintegration (10)
 H - a wand of flame (24)
Scrolls
 g - 3 scrolls of fear
 j - a scroll of remove curse
 n - a scroll of immolation
 r - a scroll of teleportation
 y - a scroll of noise {unknown}
 F - a scroll of enchant weapon
Potions
 k - a potion of agility {unknown}
 l - 2 potions of curing {unknown}
 m - a potion of flight {unknown}
 o - a potion of resistance {unknown}
 q - a potion of ambrosia {unknown}
 s - a potion of lignification {unknown}
 u - 2 potions of cancellation {unknown}
 v - 2 potions of invisibility {unknown}
 x - 2 potions of mutation {unknown}
 z - 2 potions of heal wounds {unknown}
 D - a potion of degeneration {unknown}
Books
 h - a book of Necromancy

   Spells                             Type                      Level
   a - Pain                           Necromancy                   1
   b - Animate Skeleton               Necromancy                   1
   c - Vampiric Draining              Necromancy                   3
   d - Regeneration                   Charms/Necromancy            3
   e - Animate Dead                   Necromancy                   4
   f - Borgnjor's Vile Clutch         Necromancy/Earth             5
Comestibles
 f - 9 rations


   Skills:
 + Level 5.5(4.9) Fighting
 + Level 12.1(11.3) Polearms
 - Level 2.0(1.4) Throwing
 + Level 7.2(6.5) Dodging
 - Level 0.1(0.0) Evocations


You had 7 spell levels left.
You didn't know any spells.

Dungeon Overview and Level Annotations

Branches:
Dungeon (6/15)             Temple (1/1) D:4

Altars:
Ashenzari
Elyvilon
Gozag
Hepliaklqana
Kikubaaqudgha
Makhleb
Okawaru
Qazlal
Ru
Sif Muna
Trog
Uskayaw
Vehumet
Wu Jian
Xom
Yredelemnul
Zin
The Shining One


Message History

* * * LOW HITPOINT WARNING * * *
Items here: ))) [[[ †† The orc priest mumbles some strange prayers to Beogh against you.
Beogh smites you!
* * * LOW HITPOINT WARNING * * *
The orc wizard casts a spell.
The orc wizard seems to speed up.
The orc priest looks encouraged for a moment.
The orc wizard gestures wildly while chanting.
The orc wizard blinks!
The orc priest miscasts a cantrip.
Things that are here:
an enchanted great sword; a robe
There is a stone staircase leading up, spattered with blood here.
The orc wizard casts a spell.
The orc wizard blinks!
The orc hits you with a short sword.
* * * LOW HITPOINT WARNING * * *
The orc priest invokes the aid of Beogh against you.
Beogh smites you!
You die...

......##+# #.# #....
..###.###
#...###.....#[##.
#....#.........#.
#..o.....##.$....
#####.#.......)......
.........o...##......
##.###§.#...###)..#.
#..@o...###.# ##.##
##. #..###.## ...#
... #.. #..# #.# ...#
.##. #.# #..# #..
#...# o# #.# #..#
##.###.## .. #.###..#
.# ... #.##...# #.#
..o. #.##.#.####..#
#.#
.#######...........#
#..


You could see an orc priest and an orc.

Vanquished Creatures
  Grinder (D:3)
  Sigmund (D:3)
  Duvessa (D:6)
  A centaur (D:5)
  An ogre (D:4)
  2 bullfrogs (D:5)
  Dowan (D:6)
  A scorpion (D:4)
  3 wights (D:6)
  2 howler monkeys
  A crimson imp (D:5)
  Crazy Yiuf (D:3)
  Jessica (D:3)
  An orc wizard (D:2)
  3 worker ants
  2 hound skeletons (D:5)
  A howler monkey skeleton (D:5)
  5 adders
  3 gnolls (D:5)
  A shadow imp (D:3)
  2 oozes
  2 adder skeletons
  2 worms
  A leopard gecko (D:5)
  9 orcs
  7 bats (D:3)
  3 giant cockroaches
  7 goblins
  2 hobgoblins
  4 jackals (D:1)
  6 quokkas
  A ball python zombie (D:5)
  2 frilled lizards
  10 kobolds
  7 rats
98 creatures vanquished.

Notes
Turn   | Place    | Note
-------+----------+-------------------------------------------
     0 | D:1      | TheDeThijs the Merfolk Gladiator began the quest for the Orb.
     0 | D:1      | Reached XP level 1. HP: 16/16 MP: 1/1
   145 | D:1      | Reached XP level 2. HP: 20/23 MP: 2/2
   289 | D:1      | Reached skill level 5 in Polearms
   992 | D:2      | Reached XP level 3. HP: 28/28 MP: 3/3
  1210 | D:2      | Found a stormy altar of Qazlal.
  1787 | D:3      | Reached XP level 4. HP: 32/34 MP: 4/4
  1808 | D:3      | Reached skill level 6 in Polearms
  2002 | D:3      | Found a runed door.
  2526 | D:2      | Reached skill level 5 in Dodging
  2633 | D:3      | Noticed Sigmund
  2636 | D:3      | Killed Sigmund
  2636 | D:3      | Reached skill level 7 in Polearms
  2636 | D:3      | Reached XP level 5. HP: 40/42 MP: 5/5
  2636 | D:3      | Reached XP level 6. HP: 46/48 MP: 6/6
  2818 | D:3      | Found a bloodstained altar of Trog.
  2867 | D:3      | Noticed Jessica
  2876 | D:3      | Killed Jessica
  2876 | D:3      | Reached skill level 8 in Polearms
  2954 | D:3      | Noticed Grinder
  2975 | D:3      | Killed Grinder
  2975 | D:3      | Reached skill level 9 in Polearms
  2975 | D:3      | Reached XP level 7. HP: 33/54 MP: 7/7
  3214 | D:3      | Noticed Crazy Yiuf
  3224 | D:3      | Killed Crazy Yiuf
  3359 | D:4      | Found an ornate altar of the Wu Jian Council.
  3408 | D:4      | Found a staircase to the Ecumenical Temple.
  3417 | Temple   | Entered the Ecumenical Temple
  3808 | D:4      | Reached skill level 10 in Polearms
  3817 | D:4      | Found a sacrificial altar of Ru.
  3860 | D:4      | Found a glowing golden altar of the Shining One.
  4041 | D:5      | Entered Level 5 of the Dungeon
  4107 | D:5      | Reached XP level 8. HP: 50/61 MP: 8/8
  4121 | D:5      | Found a shattered altar of Ashenzari.
  4175 | D:5      | Found a hide-covered altar of Uskayaw.
  4264 | D:5      | Reached skill level 11 in Polearms
  4384 | D:5      | Reached skill level 5 in Fighting
  4632 | D:6      | Noticed Duvessa
  4634 | D:6      | Noticed Dowan
  4644 | D:6      | Killed Duvessa
  4646 | D:6      | Killed Dowan
  4958 | D:6      | Reached skill level 12 in Polearms
  5005 | D:6      | Killed from afar by an orc priest

Vault maps used:
D:1:      matt_arrival_spirals
D:2:      nicolae_qazlal_general_emergency, first_ration, minmay_door_square
D:3:      serial_glass, glass_columns_a, glass_columns_c, glass_columns_a,
          glass_columns_c, glass_columns_a, glass_columns_c, bloody_trog,
          uniq_jessica, uniq_crazy_yiuf_cottage, uniq_grinder, uniq_sigmund
D:4:      marbit_many_paths, old_standard_altar, minmay_temple_entry_junction,
          hex_large, minmay_misc_feat_x, tso_metal_star
D:5:      nicolae_overflow_hidden_temple, nicolae_ashenzari_panopticon
D:6:      kennysheep_generic_room_14, uniq_duvessa
Temple:   nicolae_temple_figure_eight

Skill      XL: |  1  2  3  4  5  6  7  8 |
---------------+-------------------------+-----
Polearms       | 5 7 9 10 12 | 12.1
Fighting       | 3 4 5 |  5.5
Dodging        | 5 6 7 |  7.2
Throwing       | |  2.0
Evocations     | |  0.1

Action                   |  1- 3 |  4- 6 |  7- 9 || total
-------------------------+-------+-------+-------++-------
Melee: Trident           |   100 |   108 |   118 ||   326
       Halberd           |       |       |    84 ||    84
Throw: Stone             |    30 |    22 |       ||    52
       Throwing net      |     1 |       |       ||     1
       Tomahawk          |       |       |    17 ||    17
Evoke: Wand              |       |     5 |     3 ||     8
  Use: Scroll            |       |       |    10 ||    10
 Stab: Sleeping          |     3 |       |     1 ||     4
  Eat: Chunk             |     2 |     4 |     6 ||    12
Armor: Leather armour    |    22 |    33 |    25 ||    80
Dodge: Dodged            |    52 |    66 |   133 ||   251

Table legend:
 A = Spawn XP
 B = Non-spawn XP
 C = Spawn XP percentage of total XP
 D = Spawn monster count
 E = Non-spawn monster count
 F = Spawn count percentage of total count
 G = Total turns spent on level
                    A         B        C        D         E        F      G
               +---------+---------+-------+---------+---------+-------+---------
         Total |       0 |    2045 |   0.0 |       0 |      98 |   0.0 |  5005
               +---------+---------+-------+---------+---------+-------+---------
           D:1 |       0 |      31 |   0.0 |       0 |      21 |   0.0 |  1154
           D:2 |       0 |      76 |   0.0 |       0 |      11 |   0.0 |  1070
           D:3 |       0 |     629 |   0.0 |       0 |      26 |   0.0 |  1065
           D:4 |       0 |     300 |   0.0 |       0 |       9 |   0.0 |   542
           D:5 |       0 |     576 |   0.0 |       0 |      19 |   0.0 |   694
           D:6 |       0 |     433 |   0.0 |       0 |      12 |   0.0 |   270
               +---------+---------+-------+---------+---------+-------+---------
